 Seeded DCSS version 0.29-a0-1023-g6ae1a4a2c7 (webtiles) character file.

Game seed: 20220811 (custom seed)

837 flotson the Trooper (level 7, 0/17 (56) HPs)
             Began as a Demonspawn Delver on Aug 11, 2022.
             Killed from afar by an orc wizard (7 damage)
             ... with a puff of flame
             ... on level 4 of the Dungeon.
             The game lasted 00:10:40 (6161 turns).

flotson the Trooper (Demonspawn Delver)             Turns: 6161, Time: 00:10:40

HP:   0/17 (56)     AC: 16    Str: 14    XL:     7   Next: 66%
MP:   7/7           EV:  7    Int: 11    God:
Gold: 128           SH:  0    Dex: 15    Spells: 6/6 levels left

rFire   . . .      SeeInvis .   b - +0 war axe
rCold   . . .      Faith    .   (no shield)
rNeg    . . .      Spirit   .   m - +0 storm dragon scales
rPois   .          Reflect  .   p - +1 helmet
rElec   +          Harm     .   v - scarf {+Inv}
rCorr   +          Rampage  .   d - +0 pair of gloves
Will    .....                   (no boots)
Stlth   ..........              (no amulet)
HPRegen 0.05/turn               n - ring of resist corrosion
MPRegen 0.10/turn               (no ring)

@: confused, studying Throwing, extremely drained
A: thin metallic scales 1, demonic guardian 1
a: Evoke Invisibility


You were on level 4 of the Dungeon.
You visited 1 branch of the dungeon, and saw 5 of its levels.

You collected 128 gold pieces.

Inventory:

Hand Weapons
 a - a +0 trident
 b - a +0 war axe (weapon)
Missiles
 A - 3 boomerangs (quivered)
Armour
 d - a +0 pair of gloves (worn)
 m - +0 storm dragon scales (worn)
 p - a +1 helmet (worn)
 v - a scarf of invisibility (worn)
Jewellery
 n - a ring of resist corrosion (left hand)
Wands
 f - a wand of paralysis (10)
 g - a wand of digging (5)
 s - a wand of flame (19)
Scrolls
 c - 2 scrolls of fog
 e - a scroll of fear
 i - a scroll of poison {unknown}
 o - 6 scrolls of enchant weapon {unknown}
 q - 3 scrolls of teleportation {unknown}
 u - a scroll of blinking {unknown}
 x - a scroll of identify {unknown}
 y - a scroll of immolation {unknown}
Potions
 h - 2 potions of flight {unknown}
 k - 3 potions of curing {unknown}
 l - 2 potions of heal wounds
 r - 2 potions of attraction {unknown}
 t - a potion of haste
 w - a potion of degeneration {unknown}
 z - a potion of ambrosia {unknown}


   Skills:
 + Level 5.0 Fighting
 - Level 1.7 Axes
 + Level 2.9 Throwing
 + Level 3.6 Armour
 + Level 4.1 Dodging
 - Level 4.5 Stealth
 + Level 3.8 Evocations


You had 6 spell levels left.
You didn't know any spells.
Your spell library was empty.

Dungeon Overview and Level Annotations

Branches:
Dungeon (5/15)
 Temple: D:4-7

Altars:


Innate Abilities, Weirdness & Mutations

You are partially covered in thin metallic scales. (AC +2)
A weak demonic guardian rushes to your aid.


Message History

You're too confused to attack without stumbling around!
You're too confused to attack without stumbling around!
You're too confused to attack without stumbling around!
You're too confused to attack without stumbling around!
You're too confused to attack without stumbling around!
You bump into the rock wall.
You feel less confused. Something hits you but does no damage.
You feel drained.
You hear some strange, mumbled words.
A puff of flame appears from out of thin air!
The puff of flame hits you but does no damage.
You barely miss something. x2; Something hits you but does no damage.
You feel drained. Something hits you but does no damage.
You hit something. Your punch misses something. You barely miss something.
Something hits you but does no damage.
You feel drained. Something completely misses you.
You slash something!
Reactivating autopickup.
You feel a bit more experienced.
You miss something.
Your extra speed is starting to run out.
You hear some strange, mumbled words.
A magic dart appears from out of thin air!
Deactivating autopickup; reactivate with Ctrl-A.
The magic dart hits you.
Things that are here:
a +4 dagger of draining; a +0 robe; an orc corpse You barely miss something.
You hear some strange, mumbled words.
You are confused.
You completely miss something. Something hits you but does no damage.
You're too confused to move!
You closely miss something. Something hits you but does no damage.
You closely miss something. Something hits you.
You miss something. Something hits you but does no damage.
You bump into the rock wall.
You feel yourself slow down.
You hear some strange, mumbled words.
A puff of flame appears from out of thin air!
The puff of flame hits you!
You die...

#.....(............
#..................
#..................
#...........<...##.
##.............##..
##.....#.....###.#
############.....#
##{..#...####.#####
##.@...........#
#....<......####
#...........#
#...........##
##...........#######
##...#...##........
##################
##


There were no monsters in sight!

Vanquished Creatures
  Sigmund (D:2)
  Menkaure (D:4)
  A phantom (D:3)
  A scorpion (D:4)
  A howler monkey (D:4)
  A gnoll bouda (D:4)
  Jessica (D:1)
  Natasha (thrice) (D:2 D:1)
  3 orc wizards
  4 gnolls (D:4)
  7 adders
  2 worms (D:2)
  2 dart slugs (D:1)
  9 orcs
  5 ball pythons
  5 endoplasms
  4 giant cockroaches
  6 goblins
  7 hobgoblins
  4 jackals
  A kobold (D:3)
  3 quokkas
  4 bats
  2 frilled lizards
  4 rats
82 creatures vanquished.

Vanquished Creatures (collateral kills)
  2 orcs (D:3)
2 creatures vanquished.

Vanquished Creatures (others)
  A plant (D:1)
1 creature vanquished.

Grand Total: 85 creatures vanquished

Notes
Turn   | Place    | Note
-------+----------+-------------------------------------------
     0 | D:5      | flotson the Demonspawn Delver began the quest for the Orb.
     0 | D:5      | Reached XP level 1. HP: 18/18 MP: 1/1
    62 | D:5      | Noticed a phantom
   104 | D:5      | Noticed an iguana
   123 | D:5      | Noticed an ogre
   297 | D:4      | Gained mutation: You are partially covered in thin metallic
                  | scales. (AC +2) [demonic ancestry]
   297 | D:4      | Reached XP level 2. HP: 10/24 MP: 2/2
   499 | D:4      | Noticed Menkaure
   748 | D:2      | Noticed Natasha
   761 | D:2      | Killed Natasha
   762 | D:2      | Reached skill level 1 in Armour
   762 | D:2      | Reached skill level 1 in Evocations
   762 | D:2      | Reached XP level 3. HP: 10/29 MP: 3/3
  1718 | D:2      | Noticed Jessica
  1719 | D:2      | Noticed Natasha
  1741 | D:1      | Killed Natasha
  1742 | D:1      | Reached XP level 4. HP: 19/36 MP: 4/4
  1749 | D:1      | Killed Jessica
  2023 | D:1      | Noticed Natasha
  2031 | D:1      | Killed Natasha
  2032 | D:1      | Reached XP level 5. HP: 37/42 MP: 5/5
  2738 | D:2      | Noticed Sigmund
  3663 | D:2      | Killed Sigmund
  3664 | D:2      | Reached skill level 4 in Fighting
  3664 | D:2      | Gained mutation: A weak demonic guardian rushes to your
                  | aid. [demonic ancestry]
  3664 | D:2      | Reached XP level 6. HP: 49/49 MP: 6/6
  4126 | D:3      | Found a faded altar of an unknown god.
  4333 | D:3      | Reached skill level 1 in Throwing
  4333 | D:3      | Reached XP level 7. HP: 13/55 MP: 7/7
  5078 | D:4      | Killed Menkaure
  5265 | D:4      | Reached skill level 5 in Fighting
  6161 | D:4      | Killed from afar by an orc wizard

Illustrated notes

Levels and vault maps discovered:
D:1:      dpeg_arrival_shelter, layout_loops_ring, serial_bayou,
          serial_bayou_pond_e, serial_bayou_lake_a, serial_bayou_shore_b,
          serial_bayou_pond_e, minmay_fountain_box
D:2:      layout_rooms, minmay_circle_x, uniq_natasha, uniq_jessica,
          uniq_sigmund
D:3:      layout_basic, ebering_ecumenical_altar_rust
D:4:      layout_rooms, uniq_menkaure
D:5:      layout_cave_pools, zin_academy, nicolae_ossuary_entry_ruins,
          due_unseen_surprise

Skill      XL: |  1  2  3  4  5  6  7 |
---------------+----------------------+-----
Dodging        | 2 3 4 |  4.1
Armour         | 1 2 3 |  3.6
Evocations     | 1 2 3 |  3.8
Fighting       | 4 5 |  5.0
Throwing       | 1 2 |  2.9
Axes           | |  1.7
Stealth        | |  4.5

Action                   |  1- 3 |  4- 6 |  7- 9 || total
-------------------------+-------+-------+-------++-------
Melee: Trident           |    89 |   222 |   156 ||   467
       Hand axe          |     7 |       |       ||     7
       Punch             |     1 |     5 |     1 ||     7
       War axe           |       |       |     8 ||     8
Throw: Boomerang         |       |       |     2 ||     2
Evoke: Wand              |       |     2 |     5 ||     7
  Use: Potion            |     1 |       |     3 ||     4
       Scroll            |     1 |       |       ||     1
 Stab: Paralysed         |       |     6 |       ||     6
       Distracted        |       |     1 |       ||     1
Armor: Chain mail        |    12 |       |       ||    12
       Storm dragon scal |    35 |   149 |   146 ||   330
Dodge: Dodged            |    31 |    80 |    45 ||   156

Table legend: (Time is in decaauts)
 A = Elapsed time spent in this place.
 B = Non-inter-level travel time spent in this place.
 C = Inter-level travel time spent in this place.
 D = Time resting spent in this place.
 E = Time spent auto-exploring this place.
 F = Levels seen in this place.
 G = Mean time per level.
                   A        B        C        D        E       F      G
               +--------+--------+--------+--------+--------+-----+--------+
         Total |   6327 |   6094 |    233 |    924 |   4000 |   5 | 1265.4 |
       Dungeon |   6327 |   6094 |    233 |    924 |   4000 |   5 | 1265.4 |
               +--------+--------+--------+--------+--------+-----+--------+

Top non-repeatable levels by time:
     D:1: 2410 daAuts
     D:4: 1726 daAuts
     D:3: 1259 daAuts
     D:2: 698 daAuts
     D:5: 232 daAuts
